 Dungeon Crawl Stone Soup version 0.26.1-2-gb8aa6d0cf2 (webtiles) character file.

Game seed: 14686999946845550304

40 FishyPogo the Ruffian (level 3, -2/30 HPs)
             Began as a Draconian Transmuter on Feb 24, 2021.
             Killed from afar by Sigmund (6 damage)
             ... with a puff of flame
             ... on level 2 of the Dungeon.
             The game lasted 00:05:26 (1451 turns).

FishyPogo the Ruffian (Draconian Transmuter)        Turns: 1451, Time: 00:05:33

Health: -2/30      AC:  5    Str: 13    XL:     3   Next: 30%
Magic:  5/6        EV: 12    Int: 13    God:
Gold:   99         SH:  0    Dex: 11    Spells: 5/6 levels left

rFire    . . .     SeeInvis +     - Unarmed
rCold    . . .     Faith    .   (no shield)
rNeg     . . .     Spirit   .   (armour unavailable)
rPois    .         Reflect  .   (helmet currently unavailable)
rElec    .         Harm     .   (no cloak)
rCorr    .         Rampage  .   (no gloves)
Will     .....                  (boots currently unavailable)
Stlth    ..........             (no amulet)
HPRegen  0.10/turn              (no ring)
MPRegen  0.10/turn              i - ring of attention (curse)

@: mighty, appendages (expiring)
A: unfitting armour, horns 2, stinger 1, talons 2, see invisible, cold-blooded,
AC +5
a: End Transformation


You were on level 2 of the Dungeon.
You had grown temporary horns.
You had grown temporary talons.
You visited 1 branch of the dungeon, and saw 2 of its levels.

You collected 99 gold pieces.

Inventory:

Missiles
 e - 59 stones
Jewellery
 a - an uncursed ring of ice
 i - a cursed ring of attention (right hand)
Scrolls
 d - a scroll of remove curse {unknown}
 g - a scroll of teleportation {unknown}
 j - 2 scrolls of identify {unknown}
 m - a scroll of amnesia {unknown}
Potions
 c - a potion of haste {unknown}
 h - a potion of degeneration {unknown}
 k - a potion of mutation
 l - a potion of attraction {unknown}


   Skills:
 * Level 2.4 Fighting
 + Level 2.1 Dodging
 - Level 3.0 Unarmed Combat
 - Level 2.0 Spellcasting
 * Level 2.8 Transmutations


You had 5 spell levels left.
You knew the following spells:

 Your Spells              Type           Power        Failure   Level
y - Beastly Appendage     Tmut           16%          8%          1

Your spell library contained the following spells:

 Spells                   Type           Power        Failure   Level
 Wereblood                Tmut           8%           12%         2
 Spider Form              Tmut/Pois      2%           38%         3
 Ice Form                 Ice/Tmut       5%           80%         4
 Blade Hands              Tmut           4%           91%         5


Dungeon Overview and Level Annotations

Branches:
Dungeon (2/15)

Altars:

Annotations:
D:2 Sigmund


Innate Abilities, Weirdness & Mutations

Your plain brown scales are hard. (AC +5)
You cannot fit into any form of body armour.
You are cold-blooded and may be slowed by cold attacks.
You have a pair of horns on your head.
Your tail ends in a poisonous barb.
You have razor-sharp toenails.
You have supernaturally acute eyesight. (SInv)


Message History

Sigmund casts a spell at himself.
Sigmund flickers and vanishes!
Deactivating autopickup; reactivate with Ctrl-A.
It was a potion of might.
You feel very mighty all of a sudden. Something hits you!
* * * LOW HITPOINT WARNING * * *
It was a potion of curing.
You feel better.
Okay, then.
You barely miss something. Something barely misses you.
You hit something. Something hits you!
* * * LOW HITPOINT WARNING * * *
You closely miss something. You claw something!
It was a potion of mutation.
You feel extremely strange.
A poisonous barb forms on the end of your tail.
Your vision sharpens.
Reactivating autopickup.
Sigmund casts a spell at you. The puff of flame hits you.
You die...

...........##### ...
##.....†........ ...
#.#######.##.## ...
##.#######.#.#.# #.#
.......<......# #.#
########### ..............#
#.# #..........
..#####.....#.# #.#
#.###...... .@#
##.###...###.####.###†#####
..#
##.........@@..........#
..#
##r#..##..####.###.<#####
..###.###.... ......>#..#
...l{#.#..###.####......#
.###.##...# #.#.#.## .# #.#
...# #.#.#.# ## #.# ..#
..#.#.# #.# .... #.# #.#
#.# (... #.#


You could see Sigmund (invisible).

Vanquished Creatures
  2 oozes (D:1)
  2 giant cockroaches (D:2)
  5 goblins (D:1)
  6 hobgoblins
  4 kobolds
  A quokka (D:1)
  A ball python (D:2)
  3 bats (D:1)
  5 frilled lizards
  A rat (D:2)
30 creatures vanquished.

Notes
Turn   | Place    | Note
-------+----------+-------------------------------------------
     0 | D:1      | FishyPogo the Draconian Transmuter began the quest for the
                  | Orb.
     0 | D:1      | Reached XP level 1. HP: 16/16 MP: 3/3
   151 | D:1      | Reached XP level 2. HP: 16/23 MP: 3/5
   832 | D:1      | Reached XP level 3. HP: 20/29 MP: 3/6
  1116 | D:2      | Noticed Sigmund
  1451 | D:2      | Gained mutation: Your tail ends in a poisonous barb.
                  | [potion of mutation]
  1451 | D:2      | Gained mutation: You have supernaturally acute eyesight.
                  | (SInv) [potion of mutation]
  1451 | D:2      | Killed from afar by Sigmund

Illustrated notes

Levels and vault maps discovered:
D:1:      lightli_arrival_flooded_house, layout_basic
D:2:      layout_loops_ring, uniq_crazy_yiuf_cottage, uniq_sigmund

Skill      XL: |  1  2 |
---------------+-------+-----
Dodging        | 2 |  2.1
Fighting       | 2 |  2.4
Unarmed Combat | |  3.0
Spellcasting   | |  2.0
Transmutations | |  2.8

Action                   || total
-------------------------++-------
Melee: Unarmed           ||    90
       Headbutt          ||    13
       Tailslap          ||     5
       Kick              ||    13
       Punch             ||     1
 Cast: Beastly Appendage ||    28
  Use: Potion            ||     3
 Stab: Sleeping          ||     1
Armor: Skin              ||    17
Dodge: Dodged            ||    45
